 Dungeon Crawl Stone Soup version 0.16-a0-3606-g1520cdc (webtiles) character file.

125 Grim the Insei (level 5, -3/36 HPs)
             Began as an Octopode Monk on Jan 13, 2015.
             Slain by a centaur skeleton (5 damage)
             ... on level 5 of the Dungeon.
             The game lasted 00:13:46 (3520 turns).

Grim the Insei (Octopode Monk)                      Turns: 3520, Time: 00:13:47

Health: -3/36      AC:  1    Str: 12    XL:     5   Next: 9%
Magic:  5/5        EV: 13    Int: 12    God:
Gold:   162        SH:  0    Dex: 14    Spells: 0 memorised, 4 levels left

rFire  . . .     SeeInvis .       - Unarmed
rCold  . . .     Clarity  .     (no shield)
rNeg   . . .     SustAb   .     l - +0 hat
rPois  .         Gourm    .     (no amulet)
rElec  .         Spirit   .     (no ring)
rCorr  .         Warding  .     (no ring)
rMut   .         Stasis   .     (no ring)
MR     .....                    (no ring)
Stlth  ++++......               (no ring)
                                (no ring)
                                (no ring)
                                (no ring)

@: not resistant to hostile enchantments, stealthy
A: almost no armour, amphibious, 8 rings, constrict 8, camouflage 1, gelatinous
body 1
a: no special abilities


You were on level 5 of the Dungeon.
You were not hungry.

You visited 1 branch of the dungeon, and saw 5 of its levels.

You collected 162 gold pieces.

Inventory:

Armour
 l - a +0 hat (worn)
Scrolls
 c - a scroll of immolation {unknown}
 d - 6 scrolls of identify {unknown}
 f - a scroll of fog {unknown}
 g - 2 scrolls of amnesia {unknown}
 h - a scroll of enchant armour {unknown}
 k - 2 scrolls of noise {unknown}
 n - a scroll of fear {unknown}
 p - 2 scrolls of remove curse {unknown}
Potions
 a - a potion of ambrosia {unknown}
 e - a potion of magic {unknown}
 i - 3 potions of curing {unknown}
 j - a potion of agility {unknown}
 m - 2 potions of brilliance {unknown}
 q - a potion of flight {unknown}
 r - a potion of heal wounds {unknown}
Comestibles
 b - 2 bread rations
 o - 2 meat rations
 s - a chunk of flesh


   Skills:
 - Level 3.0 Fighting
 - Level 3.0 Dodging
 + Level 5.1 Stealth
 * Level 5.4 Unarmed Combat


You had 4 spell levels left.
You didn't know any spells.

Dungeon Overview and Level Annotations

Branches:
Dungeon (5/15)
 Temple: D:4-7

Altars:

Annotations:
D:3 Charly's ghost, average MfTm
D:4 Sigmund


Innate Abilities, Weirdness & Mutations

You cannot wear most types of armour.
You are amphibious.
You can wear up to eight rings at the same time.
You can use your tentacles to constrict many enemies at once.
Your skin changes colour to match your surroundings (Stealth).
Your rubbery body absorbs attacks (AC +1).


Message History

The centaur skeleton hits you but does no damage.
The centaur skeleton hits you.
* * * LOW HITPOINT WARNING * * *
You tentacle-slap the centaur skeleton. x2
The centaur skeleton misses you.
You bludgeon the jelly!
Your tentacles burn!
* * * LOW HITPOINT WARNING * * *
The jelly is heavily wounded.
The centaur skeleton hits you.
* * * LOW HITPOINT WARNING * * *
You hear a slurping noise.
The jelly misses you. The centaur skeleton barely misses you.
The jelly closely misses you. The centaur skeleton hits you.
* * * LOW HITPOINT WARNING * * *
The jelly misses you. The centaur skeleton misses you.
The jelly barely misses you.
There is a stone staircase leading up here.
The centaur skeleton hits you.
You die...

#### ...# ##..##
#....# #....#
##....## #
#......#####
..#######.<@........
...h.....JZ........#
#.............#.##..
.........###....#
.###.....# ##.....
##....# .#.#. ##....
.#.# ##... ?#.#
..... #


You could see a jelly, a jackal (wandering) and a centaur skeleton.

Vanquished Creatures
  2 adders (D:3)
  3 worms
  6 giant geckos
  An orc (D:3)
  5 giant cockroaches
  12 goblins
  9 hobgoblins
  8 jackals
  10 kobolds
  2 quokkas (D:3)
  2 ball pythons
  9 bats
  5 giant newts
  4 rats
78 creatures vanquished.

Notes
Turn   | Place    | Note
--------------------------------------------------------------
     0 | D:1      | Grim, the Octopode Monk, began the quest for the Orb.
     0 | D:1      | Reached XP level 1. HP: 16/16 MP: 1/1
   185 | D:1      | Reached XP level 2. HP: 17/21 MP: 2/2
   707 | D:1      | Reached XP level 3. HP: 24/26 MP: 3/3
  1669 | D:2      | Reached XP level 4. HP: 31/31 MP: 4/4
  1952 | D:3      | Noticed Charly's ghost (average MfTm)
  1973 | D:3      | HP: 1/31 [Charly's ghost (10)]
  2328 | D:3      | Reached skill level 5 in Unarmed Combat
  3150 | D:3      | Reached XP level 5. HP: 33/36 MP: 5/5
  3159 | D:3      | Reached skill level 5 in Stealth
  3452 | D:4      | Noticed Sigmund
  3494 | D:5      | Entered Level 5 of the Dungeon
  3520 | D:5      | Slain by a centaur skeleton

Action                   |  1- 3 |  4- 6 || total
-------------------------+-------+-------++-------
Melee: Unarmed           |    81 |    88 ||   169
 Stab: Sleeping          |     9 |     9 ||    18
  Eat: Chunk             |     2 |     6 ||     8
